 Dungeon Crawl Stone Soup version 0.32-a0-986-ga09f62fbf4 (webtiles) character file.

Game seed: 5625787781839117727

2211 Ekko the Cleaver (level 9, -2/81 HPs)
             Began as a Minotaur Berserker on Apr 21, 2024.
             Was a Priest of Trog.
             Killed from afar by Maggie (19 damage)
             ... with a bolt of fire
             ... on level 7 of the Dungeon.
             The game lasted 00:51:47 (7331 turns).

Ekko the Cleaver (Minotaur Berserker)               Turns: 7331, Time: 00:51:47

Health: -2/81      AC: 17    Str: 27    XL:     9   Next: 13%
Magic:  8/8        EV:  7    Int:  2    God:    Trog [***...]
Gold:   351        SH:  0    Dex:  9    Spells: 8/8 levels left

rFire   . . .        a - +1 hand axe
rCold   + . .        (no shield)
rNeg    . . .        q - +0 plate armour
rPois   .            (helmet restricted)
rElec   .            y - +2 cloak {Stlth+}
rCorr   +            k - +0 pair of gloves
SInv    .            (no boots)
Will    .....        (no amulet) Stlth
                     d - ring of resist corrosion
HPRegen 0.33/turn    n - ring of protection from cold
MPRegen 0.11/turn

%: no passive effects
@: mesmerised
A: horns 2, retaliatory headbutt, dopey 1, mutation resistance 1
a: Renounce Religion, Berserk, Trog's Hand


You were on level 7 of the Dungeon.
You worshipped Trog.
Trog was most pleased with you.
You visited 1 branch of the dungeon, and saw 7 of its levels.

You collected 351 gold pieces.

Inventory:

Hand Weapons
 a - a +1 hand axe (weapon)
 c - a +4 mace
Missiles
 i - 9 boomerangs (quivered)
 l - 41 stones
Armour
 k - a +0 pair of gloves (worn)
 q - a +0 plate armour (worn)
 y - a +2 cloak of stealth (worn)
Jewellery
 d - a ring of resist corrosion (left hand)
 g - a ring of ice
 n - a ring of protection from cold (right hand)
 p - a ring of willpower
 t - a ring of see invisible
 v - a ring of magical power
 z - a +6 ring of dexterity
Talismans
 m - a flux talisman
 w - a serpent talisman
Wands
 h - a wand of paralysis (6)
 x - a wand of flame (21)
 B - a wand of polymorph (8)
Scrolls
 f - 5 scrolls of identify
 j - 6 scrolls of enchant weapon
 s - a scroll of noise
 u - 4 scrolls of teleportation
 D - a scroll of summoning
Potions
 b - a potion of haste
 e - 2 potions of curing
 r - a potion of ambrosia
 C - a potion of cancellation {unknown}


   Skills:
 + Level 7.9 Fighting
 - Level 12.0 Axes
 - Level 6.0 Armour
 - Level 2.1 Dodging


You had 8 spell levels left.
You didn't know any spells.
Your spell library was empty.

Dungeon Overview and Level Annotations

Branches:
Dungeon (7/15)             Temple (0/1) D:5

Altars:
Gozag
Okawaru
Sif Muna

Shops:
D:4 =   D:5 (

Annotations:
D:7 Maggie


Innate Abilities, Weirdness & Mutations

You have a pair of horns on your head.
You reflexively headbutt those who attack you in melee.
You are dopey. (Int -2)
You are somewhat resistant to further mutation.


Message History

You barely miss Maggie.
Maggie is moderately wounded.
Maggie hits you but does no damage.
You writhe in agony.
You hit Maggie. You headbutt Maggie, but do no damage.
Maggie is moderately wounded.
Maggie points at you and mumbles some strange words.
The bolt of fire hits you.
Okay, then.
You hit Maggie but do no damage. You headbutt Maggie.
Maggie is moderately wounded.
You hit Maggie. You headbutt Maggie!
Maggie is heavily wounded.
Maggie says, "Leave now, and tell all of Maggie's mercy!"
Maggie barely misses you. You furiously retaliate!
You headbutt Maggie. You barely miss Maggie. You headbutt Maggie.
Maggie is severely wounded.
Maggie closely misses you.
You closely miss Maggie. You headbutt Maggie, but do no damage.
Maggie is severely wounded.
You hit Maggie but do no damage.
Maggie is severely wounded.
Maggie hits you with a +2 long sword of pain!
You hit Maggie.
Maggie is severely wounded.
Maggie gestures wildly while chanting.
Maggie draws you further into her thrall.
You hit Maggie.
Maggie is severely wounded.
Maggie hits you with a +2 long sword of pain.
You hit Maggie.
Maggie is almost dead.
You hit Maggie but do no damage. You headbutt Maggie, but do no damage.
Maggie is almost dead.
Maggie hits you with a +2 long sword of pain!
* * * LOW HITPOINT WARNING * * *
You hit Maggie but do no damage. Your headbutt misses Maggie.
Maggie is almost dead.
Maggie casts a spell at you. The bolt of fire hits you!!
You die...

.# #.# #.#.####........#
.# #.# #.#.#....<......#
.# #.###.....#.........#
.###.......###.........#
.......................#
#####..#################
#.# #..........########..
#.###.########.##........
#>...............@.......
..###.##.......##@.......
#.###.##.########........
......##........#........
..........[..##.#.......#
...#######...# #...)...#
#..#.....#...# ........#
...##.#......# #$......#
#..##.#..##..#


You could see Maggie (mesmerising).

Vanquished Creatures
  A gargoyle (D:7)
  A water moccasin (D:5)
  3 black bears
  2 centaurs (D:7)
  A phantom (D:4)
  Blork the orc (D:4)
  A bullfrog (D:7)
  2 scorpions
  3 electric eels (D:4)
  2 hounds
  Crazy Yiuf (D:4)
  3 bombardier beetles
  2 jellies (D:6)
  A gnoll bouda (D:4)
  3 sleepcaps (D:6)
  Jessica (D:3)
  5 iguanas
  2 orc wizards
  Natasha (twice) (D:2)
  8 gnolls
  12 adders
  A river rat (D:5)
  A white imp (D:6)
  2 ufetubi (D:5)
  6 dart slugs
  11 orcs
  6 ball pythons
  7 endoplasms
  5 giant cockroaches
  4 goblins
  6 hobgoblins
  4 jackals (D:2)
  3 quokkas
  4 bats (D:1)
  3 frilled lizards
  8 kobolds
  7 rats
135 creatures vanquished.

Notes
Turn   | Place    | Note
-------+----------+-------------------------------------------
     0 | D:1      | Ekko the Minotaur Berserker began the quest for the Orb.
     0 | D:1      | Reached XP level 1. HP: 19/19 MP: 0/0
   249 | D:1      | Reached skill level 4 in Axes
   352 | D:1      | Reached XP level 2. HP: 26/26 MP: 1/1
   973 | D:2      | Reached skill level 5 in Axes
   973 | D:2      | Reached XP level 3. HP: 29/31 MP: 2/2
  1338 | D:2      | Reached ** piety under Trog
  1391 | D:2      | Noticed Natasha
  1399 | D:2      | Killed Natasha
  1400 | D:2      | Reached skill level 6 in Axes
  1400 | D:2      | Reached XP level 4. HP: 40/40 MP: 3/3
  1424 | D:2      | Noticed Natasha
  1439 | D:2      | Killed Natasha
  1639 | D:3      | Noticed Jessica
  1676 | D:3      | Reached skill level 5 in Fighting
  1677 | D:3      | Reached XP level 5. HP: 45/48 MP: 4/4
  1695 | D:3      | Killed Jessica
  1984 | D:3      | Found a faded altar of an unknown god.
  2037 | D:3      | Found an opulent altar of Gozag.
  2227 | D:3      | Found an iron altar of Okawaru.
  2380 | D:3      | Gained mutation: You are dopey. (Int -2) [potion of
                  | mutation]
  2380 | D:3      | Gained mutation: You are somewhat resistant to further
                  | mutation. [potion of mutation]
  2469 | D:4      | Noticed Blork the orc
  2484 | D:4      | Killed Blork the orc
  2719 | D:4      | Reached XP level 6. HP: 57/57 MP: 5/5
  2721 | D:4      | Found Ohofett's Jewellery Shoppe.
  3043 | D:4      | Reached skill level 5 in Armour
  3128 | D:4      | Found a transporter.
  3361 | D:4      | Found a transporter.
  3379 | D:4      | Reached XP level 7. HP: 49/63 MP: 6/6
  3707 | D:4      | Reached skill level 7 in Axes
  3756 | D:4      | Found a runed translucent door.
  3786 | D:4      | Noticed Crazy Yiuf
  3795 | D:4      | Killed Crazy Yiuf
  4225 | D:4      | Found a transporter.
  4232 | D:4      | Found a transporter.
  4259 | D:4      | Reached skill level 8 in Axes
  4995 | D:5      | Entered Level 5 of the Dungeon
  5189 | D:5      | Reached skill level 9 in Axes
  5189 | D:5      | Reached XP level 8. HP: 56/70 MP: 7/7
  5365 | D:5      | Found a staircase to the Ecumenical Temple.
  5556 | D:5      | Reached *** piety under Trog
  5777 | D:5      | Reached skill level 10 in Axes
  6087 | D:5      | Found Tozah's Weapon Shop.
  6372 | D:6      | Found a shimmering blue altar of Sif Muna.
  6477 | D:6      | Reached skill level 11 in Axes
  6966 | D:7      | Reached skill level 12 in Axes
  7108 | D:7      | Noticed a gargoyle
  7120 | D:7      | Killed a gargoyle
  7121 | D:7      | Reached XP level 9. HP: 79/79 MP: 8/8
  7305 | D:7      | Noticed Maggie
  7331 | D:7      | Killed from afar by Maggie

Illustrated notes

Levels and vault maps discovered:
D:1:      shiori_arrival_maze, layout_rooms
D:2:      layout_basic, roderic_lattice_a, uniq_natasha
D:3:      layout_basic, okawaru_ov_weapons_minmay,
          nicolae_overflow_crystal_walls, ebering_ecumenical_altar_mist,
          serial_bayou, serial_bayou_lagoon_a, serial_bayou_ford_a,
          serial_bayou_pond_c, serial_bayou_pond_d, serial_bayou_pond_a,
          uniq_jessica
D:4:      gammafunk_steamed_eel, layout_loops_corners, serial_shops,
          nicolae_shop_stone, uniq_crazy_yiuf_cottage, uniq_blork_the_orc
D:5:      layout_loops_corners, minmay_temple_entry_slanted, serial_shops,
          nicolae_shop_tiny_glass, portal_sewer_entry_b
D:6:      layout_cave_pools, kennysheep_mini_moat
D:7:      layout_basic, serial_shops, shop, shop, uniq_maggie

Skill      XL: |  1  2  3  4  5  6  7  8 |
---------------+-------------------------+-----
Axes           | 4 5 6 9 12 | 12.0
Fighting       | 5 6 7 |  7.9
Armour         | 3 6 |  6.0
Dodging        | |  2.1

Action                     |  1- 3 |  4- 6 |  7- 9 || total
---------------------------+-------+-------+-------++-------
  Melee: Hand axe          |    66 |   117 |   238 ||   421
         Headbutt          |     7 |    16 |    53 ||    76
  Throw: Boomerang         |       |    12 |     5 ||    17
 Invoke: Berserk           |       |     3 |     4 ||     7
         Trog's Hand       |       |     1 |       ||     1
    Use: Potion            |     1 |     5 |     5 ||    11
         Scroll            |     1 |     5 |     5 ||    11
 Armour: Animal skin       |    25 |       |       ||    25
         Leather armour    |    15 |    25 |       ||    40
         Ring mail         |       |    55 |    41 ||    96
         Chain mail        |       |       |   138 ||   138
         Plate armour      |       |       |    15 ||    15
  Dodge: Dodged            |    30 |    40 |    75 ||   145

Table legend: (Time is in decaauts)
 A = Elapsed time spent in this place.
 B = Non-inter-level travel time spent in this place.
 C = Inter-level travel time spent in this place.
 D = Time resting spent in this place.
 E = Time spent auto-exploring this place.
 F = Levels seen in this place.
 G = Mean time per level.
                   A        B        C        D        E       F      G
               +--------+--------+--------+--------+--------+-----+--------+
         Total |   7414 |   7183 |    231 |   2303 |   3274 |   7 | 1059.1 |
       Dungeon |   7414 |   7183 |    231 |   2303 |   3274 |   7 | 1059.1 |
               +--------+--------+--------+--------+--------+-----+--------+

Top non-repeatable levels by time:
     D:4: 2568 daAuts
     D:5: 1353 daAuts
     D:1: 881 daAuts
     D:3: 876 daAuts
     D:2: 771 daAuts
     D:6: 556 daAuts
     D:7: 407 daAuts
